Match 41641870
Unlisted

Match 41641870
End
Panzergrenadier Squad
Panzergrenadier Squad
250 Light Carrier
Construct Light Support Kompanie
250 Light Carrier
Assault Grenadier Squad
Selects Italian Infantry
Selects Guastatori Squad
Guastatori Squad
Panzergrenadier Squad
Panzergrenadier Squad
Assault Grenadier Squad
Selects Defensive Operations
Skyline
KevinTDW
ttheadventure
实力不足只能当老六了
0
0

Comments sign in to comment!

No comments posted yet!